Description

14 0:17 Pylon

15 0:38 Gateway

16 0:47 Assimilator

20 1:26 Nexus

20 1:34 Cybernetics Core

21 1:42 Assimilator

21 1:51 Pylon

23 2:07 Stalker

23 2:13 Warp Gate

28 2:32 Adept

28 2:36 Robotics Facility

34 2:55 Pylon

35 3:02 Sentry

39 3:13 Gateway

39 3:17 Immortal,

47 3:39 Gateway x2

47 3:45 Immortal

47 3:48 Pylon

52 4:04 Sentry

54 4:10 Gateway

54 4:11 Gateway

54 4:17 Warp Prism

54 4:23 Gateway x2

54 4:25 Sentry

54 4:29 Pylon, Sentry

60 4:35 Zealot

62 4:39 Pylon

62 4:44 Pylon

62 4:47 Observer

62 4:51 Pylon, Zealot x2

66 4:59 Zealot x2

71 5:16 Sentry, Stalker, Zealot

71 5:17 Zealot x3

71 5:20 Stalker

85 5:41 Adept

85 5:42 Adept x3

93 6:01 Stalker x2

93 6:02 Zealot x2

93 6:17 Zealot x4

Build Order

Get SALT Encoding   

Spawning Tool Build Advisor. Get it on Overwolf

Go to:

Details

  • Created by: qwaqsha
  • Published on: Oct 04, 2020
  • Modified on: Oct 04, 2020
  • Patch: 4.11.0
  • Difficulty: Medium
Show
View Real Time Build Order
Export as new Build Order

Comments (0)

There are no comments. Be the first!

Create an account to comment!